 Dungeon Crawl Stone Soup version 0.30.1-4-g462c640d31 (webtiles) character file.

Game seed: 2575263201801893355

67 lonewolfV2 the Chopper (level 4, -14/35 HPs)
             Began as a Demonspawn Berserker on Aug 28, 2023.
             Was a Believer of Trog.
             Killed from afar by Natasha (22 damage)
             ... with a bolt of dispelling energy
             ... on level 2 of the Dungeon.
             The game lasted 00:01:55 (787 turns).

lonewolfV2 the Chopper (Demonspawn Berserker)        Turns: 787, Time: 00:01:55

Health: -14/35     AC: 11    Str: 15    XL:     4   Next: 0%
Magic:  4/4        EV:  7    Int:  8    God:    Trog [**....]
Gold:   80         SH:  0    Dex: 12    Spells: 3/3 levels left

rFire   . . .        a - +0 hand axe
rCold   + . .        (no shield)
rNeg    . . .        g - +3 chain mail of the Zebra {rElec rC+ rCorr Str-5}
rPois   .            (no helmet)
rElec   +            (no cloak)
rCorr   +            (no gloves)
SInv    .            (no boots)
Will    .....        (no amulet) Stlth
                     (no ring)
HPRegen 0.25/turn    (no ring)
MPRegen 0.09/turn

%: no passive effects
@: no status effects
A: ignite blood 1, weakness stinger 1
a: Renounce Religion, Berserk, Trog's Hand


You were on level 2 of the Dungeon.
You worshipped Trog.
Trog was pleased with you.
You visited 1 branch of the dungeon, and saw 2 of its levels.

You collected 80 gold pieces.

Inventory:

Hand Weapons
 a - a +0 hand axe (weapon)
Armour
 b - a +0 animal skin
 g - the +3 chain mail of the Zebra (worn) {rElec rC+ rCorr Str-5}
   (You found it on level 2 of the Dungeon)

   Str:       It affects your strength (-5).
   rC:        It protects you from cold.
   rElec:     It insulates you from electricity.
   rCorr:     It protects you from acid and corrosion.
Scrolls
 e - a scroll of identify {unknown}
 f - a scroll of brand weapon {unknown}
Potions
 c - 2 potions of might {unknown}
 d - a potion of berserk rage {unknown}


   Skills:
 + Level 3.5 Fighting
 + Level 3.6 Axes
 + Level 2.0 Armour
 + Level 2.3 Dodging


You had 3 spell levels left.
You didn't know any spells.
Your spell library was empty.

Dungeon Overview and Level Annotations

Branches:
Dungeon (2/15)

Altars:

Shops:
D:1 ?

Annotations:
D:2 Natasha


Innate Abilities, Weirdness & Mutations

Your demonic aura sometimes causes spilled blood to erupt in flames.
You have a small tail.


Message History

Natasha is engulfed in blazing flames.
You kill Natasha!
Trog accepts your kill.
Trog appreciates your killing of a magic user.
You hear a faint echoing roar filled with hate and sorrow!
Your Armour skill increases to level 2!
Unknown command.
Found 2 stones.
You now have 80 gold pieces (gained 11).
Found a stone staircase leading down.
Found a stone staircase leading up.
You see here 2 stones.
You see here a +0 crystal plate armour.
Natasha, Servant of Life and Death comes into view.
She is carrying a wand of quicksilver (10).
Natasha hisses angrily.
Natasha zaps a wand.
The bolt of dispelling energy misses you.
A ball python comes into view.
There are monsters nearby!
Found a stone staircase leading up.
Natasha claws you but does no damage. The ball python barely misses you.
The ball python grabs you. The ball python constricts you. Natasha claws you.
The ball python bites you. The ball python constricts you.
You closely miss Natasha. You hit the ball python.
You kill the ball python!
Trog accepts your kill.
Natasha zaps a wand.
The bolt of dispelling energy hits you!
Ouch! That really hurt!
You have reached level 4!
You feel stronger.
Your demonic ancestry asserts itself...
You grow a small tail.
You barely miss Natasha. Natasha barely misses you.
You barely miss Natasha.
Your tail-slap misses Natasha.
Natasha zaps a wand.
The bolt of dispelling energy hits you.
* * * LOW HITPOINT WARNING * * *
You hit Natasha but do no damage.
Natasha zaps a wand.
The bolt of dispelling energy hits you!!
Ouch! That really hurt!
You die...

#....####.#.######.
####..# #.....)....
##.#####..#....#
##### #..###.†...##.#
....# ##.##...#.##
..#.# ###....#.#.#
#...# #..[..##.#..
#.#.#####.###....###.
#.#.##....# ###.@.#
.. #......#### ##h○#
## #.########### #..#
#............ .....
#(.########## ......
#.######## ##.#...<.
#......... ........
..#.###### ........
.##.####..


You could see Natasha.

Vanquished Creatures
  Natasha (D:2)
  4 ball pythons
  3 bats (D:1)
  2 endoplasms
  2 giant cockroaches
  2 goblins (D:1)
  4 hobgoblins
  4 quokkas
  A frilled lizard (D:1)
  23 rats
46 creatures vanquished.

Notes
Turn   | Place    | Note
-------+----------+-------------------------------------------
     0 | D:1      | lonewolfV2 the Demonspawn Berserker began the quest for the
                  | Orb.
     0 | D:1      | Reached XP level 1. HP: 18/18 MP: 1/1
    96 | D:1      | Gained mutation: Your demonic aura sometimes causes spilled
                  | blood to erupt in flames. [demonic ancestry]
    96 | D:1      | Reached XP level 2. HP: 24/24 MP: 2/2
   254 | D:1      | Reached ** piety under Trog
   391 | D:1      | Found Fuimnoer's Magic Scroll Shop.
   504 | D:1      | You fall into a shaft and drop 1 floor!
   567 | D:2      | Reached XP level 3. HP: 25/29 MP: 3/3
   594 | D:2      | Identified the +3 chain mail of the Zebra {rElec rC+ rCorr
                  | Str-5}
   698 | D:2      | Noticed Natasha
   704 | D:2      | Killed Natasha
   778 | D:2      | Noticed Natasha
   785 | D:2      | Gained mutation: You have a small tail. [demonic ancestry]
   785 | D:2      | Reached XP level 4. HP: 13/35 MP: 4/4
   787 | D:2      | Killed from afar by Natasha

Illustrated notes

Levels and vault maps discovered:
D:1:      sevenhm_arrival_forest_fort_small_5, layout_rooms, serial_shops,
          nicolae_shop_rolled_up, minmay_rat_gold_closets
D:2:      layout_rooms, hellmonk_ecumenical_altar_inner_sanctum,
          minmay_rat_hole, uniq_natasha

Skill      XL: |  1  2  3 |
---------------+----------+-----
Axes           | 3 |  3.6
Dodging        | 2 |  2.3
Armour         | 2 |  2.0
Fighting       | |  3.5

Action                     |  1- 3 |  4- 6 || total
---------------------------+-------+-------++-------
  Melee: Hand axe          |    93 |     3 ||    96
 Armour: Animal skin       |    16 |       ||    16
         Chain mail        |    16 |       ||    16
  Dodge: Dodged            |    65 |     1 ||    66
